woodfighter, chaotic female orcish Cavewoman ------------ |...........# ####### ..........<|# -------.- -.-.--------# |.......| # # +.......| ## # |.......| # ## |.......| # q |.......| # ##@ |.......| ### # # -----.--- # # ### # # ---.- # # ### |...+##### # # |..^| # # ## ####### |....## ###---.------ |...| #.........| |...| #|........| |...| |>.^.....| ----- ---------- woodfighter the Cave Teen Experience level: 4 Strength: 16 Dexterity: 14 Constitution: 18 Intelligence: 12 Wisdom: 9 Charisma: 7 Health: 0(39) Energy: 10(10) Def: 2 Gold: 409 Moves: 2326 Dungeon seed: QXgcnLv0nbhO1XD- Game ID: woodfighter_1499149457 Your Inventory: Coins $ - 409 gold pieces Weapons a - a +1 club (weapon in hand) b - a +2 sling (alternate weapon; not wielded) Armor q - an uncursed +0 leather armor (being worn) Comestibles c - 4 uncursed lembas wafers i - 3 uncursed food rations k - an uncursed lichen corpse m - an uncursed cream pie o - an uncursed sprig of wolfsbane Scrolls f - an uncursed scroll of punishment l - an uncursed scroll of confuse monster s - a cursed scroll of remove curse t - an uncursed scroll of teleportation v - an uncursed scroll of magic mapping y - an uncursed scroll of scare monster Spellbooks p - an uncursed spellbook of magic mapping Potions g - a cursed potion of sleeping h - an uncursed potion of invisibility w - an uncursed potion of confusion x - an uncursed potion of oil Wands j - a wand of enlightenment (0:11) r - a wand of light (0:14) Tools u - a bag of tricks (0:16) Gems e - 6 uncursed flints (in quiver) Spells and supernatural/magical abilities: Name Level Category Fail Memory W - pray for help -- divine ? -- Your skills at the end: Miscellaneous Skills bare handed combat [Basic] Weapon Skills scimitar [Basic] club [Basic] sling [Basic] Spellcasting Skills Final Attributes: You were piously aligned. You were poison resistant. You had infravision. You were very stealthy. You are dead. Vanquished creatures: a pony a puppy a kitten an iguana 4 rothes a rabid rat 2 giant bats 3 coyotes a large kobold a gecko a brown mold a red mold 7 manes 5 jackals a kobold 4 newts 2 sewer rats a grid bug 3 lichens 41 creatures vanquished. Voluntary challenges: You did not adorn yourself with jewelry or accessories. You did not cause conflict. You were not invisible. You did not have reflection. You were not displaced. You were an atheist. You used a wielded weapon 58 times, starting on turn 300. You did not use tools. You did not use plumbed fixtures. You did not drink any magical draughts. You were illiterate. You never genocided any monsters. You never polymorphed an object. You never changed form. You used no wishes. You never split a pudding. You never wrote Elbereth's name. You never violated your personal moral code. Dungeon overview: The Dungeons of Doom: levels 1 to 8 Level 1 (locked box) a long staircase Level 2 a general store, a fountain, some sinks stairs to The Gnomish Mines Level 3 (open water) Level 4 a fountain Level 5 (water) Level 6 <- You were here Level 7 a fountain Level 8 The Gnomish Mines: Level 3 stairs to The Dungeons of Doom History has recorded: On T:1 you entered the Dungeons of Doom to retrieve the Amulet of Yendor! On T:424 you reached level 2 of The Dungeons of Doom. On T:494 you reached level 3 of The Dungeons of Doom. On T:531 you reached level 1 of The Gnomish Mines. On T:1287 you advanced to experience level 2. On T:1307 you reached level 4 of The Dungeons of Doom. On T:1476 you reached level 5 of The Dungeons of Doom. On T:1605 you advanced to experience level 3. On T:1667 you reached level 7 of The Dungeons of Doom. On T:1671 you reached level 8 of The Dungeons of Doom. On T:1723 you reached level 6 of The Dungeons of Doom. On T:1758 you advanced to experience level 4. Score breakdown: Gold: 409 ( 40 points) Experience: 4 levels ( 300 points) Exploration: 8 levels ( 210 points) Discoveries: 13 items ( 650 points) Variety of kills: 19 monsters ( 950 points) Major goal: (nothing yet) ( 0 points) Survival: died (score multiplied by 3) Total score: 6450 Latest messages: You hear someone counting money. You stop travelling. You stop exploring. (2x) You are now wielding your sling. a - a +1 club (alternate weapon; not wielded). The flint hits the rothe. (2x) The flint hits the rothe! You are now wielding your club. b - a +2 sling (alternate weapon; not wielded). You kill the rothe! You hit the rothe. You hit the rothe! The rothe claws you! The rothe bites! The rothe misses. You are beginning to feel hungry. You kill the rothe! You hit the rothe. The rothe claws you! The rothe bites! (2x) You hit the rothe! You kill the rothe! You hit the rothe! The rothe claws you! You die... Final status: Goodbye woodfighter the Cavewoman, killed by a rothe... You died in The Dungeons of Doom on dungeon level 6 with 6450 points, and 409 pieces of gold, after 2326 moves. You were level 4 with a maximum of 39 hit points when you died.